 Seeded DCSS version 0.29.1-12-g30fa7ad0bf (webtiles) character file.

Game seed: 16245865983455551772 (custom seed)

100 hikkokomori the Sneak (level 4, -4/27 HPs)
             Began as an Octopode Conjurer on Jan 17, 2023.
             Killed from afar by Natasha (8 damage)
             ... with a magic dart
             ... on level 3 of the Dungeon.
             The game lasted 00:03:00 (2420 turns).

hikkokomori the Sneak (Octopode Conjurer)           Turns: 2420, Time: 00:03:01

Health: -4/27      AC:  1    Str:  6    XL:     4   Next: 74%
Magic:  7/7        EV: 10    Int: 34    God:
Gold:   1172       SH:  0    Dex: 16    Spells: 4/7 levels left

rFire   . . .      SeeInvis .   e - staff of conjuration
rCold   . . .      Faith    .   (no shield)
rNeg    . . .      Spirit   .   (helmet restricted)
rPois   .          Reflect  .   (no amulet)
rElec   .          Harm     .   i - ring of False Pretenses {Will+ Dex+6 Slay+6}
rCorr   .          Rampage  .   h - +6 ring of intelligence
Will    +....                   g - +6 ring of intelligence
Stlth   ++++......              (no ring)
HPRegen 0.09/turn               (no ring)
MPRegen 0.10/turn               (no ring)
                                (no ring)
                                (no ring)

@: grasped by roots, constricted
A: almost no armour, amphibious, 8 rings, camouflage 1, gelatinous body 1,
(nimble swimmer 1), tentacles
a: no special abilities


You were on level 3 of the Dungeon.
You visited 1 branch of the dungeon, and saw 3 of its levels.

You collected 1172 gold pieces.

Inventory:

Hand Weapons
 b - a +0 dagger
Magical Staves
 e - a staff of conjuration (weapon)
Jewellery
 g - a +6 ring of intelligence (on tentacle)
 h - a +6 ring of intelligence (right tentacle)
 i - the ring of False Pretenses (left tentacle) {Will+ Dex+6 Slay+6}
   (You acquired it on level 1 of the Dungeon)

   [ring of dexterity]

   Dex:       It affects your dexterity (+6).
   Slay:      It affects your accuracy & damage with ranged weapons and melee
   (+6).
   Will:      It increases your willpower.
Scrolls
 f - 2 scrolls of teleportation {unknown}
 k - a scroll of identify {unknown}
 l - a scroll of enchant weapon {unknown}
 m - a scroll of summoning {unknown}
Potions
 a - a potion of magic
 c - 2 potions of flight {unknown}
 d - a potion of might {unknown}
 j - a potion of lignification {unknown}


   Skills:
 - Level 2.0 Dodging
 + Level 5.1 Stealth
 - Level 2.0 Spellcasting
 + Level 5.0 Conjurations


You had 4 spell levels left.
You knew the following spells:

 Your Spells              Type           Power      Damage    Failure   Level
a - Magic Dart            Conj           100%       1d8       1%          1
b - Searing Ray           Conj           100%       2d8       1%          2

Your spell library contained the following spells:

 Spells                   Type           Power      Damage    Failure   Level
 Sting                    Tmut/Pois      12%        1d3       6%          1
 Dazzling Flash           Conj/Hex       62%        N/A       6%          3
 Poisonous Vapours        Pois/Air       6%         N/A       9%          2
 Fulminant Prism          Conj/Hex       15%        3d11      22%         4
 Iskenderun's Mystic Bla  Conj/Tloc      31%        2d8       22%         4
 Olgreb's Toxic Radiance  Pois           3%         N/A       52%         4


Dungeon Overview and Level Annotations

Branches:
Dungeon (3/15)

Altars:

Annotations:
D:3 Natasha


Innate Abilities, Weirdness & Mutations

You cannot wear most types of armour.
You are amphibious.
You can wear up to eight rings at the same time.
Your skin changes colour to match your surroundings (Stealth+).
Your rubbery body absorbs attacks. (AC +1, EV +1)
((You are camouflaged when in or above water. (Stealth+)))
You have tentacles for arms and can constrict up to eight enemies at once.


Message History

Your Stealth skill increases to level 5!
Your Conjurations skill increases to level 5!
Unknown command.
There's nothing to close nearby.
You start resting.
A hobgoblin comes into view.
There's nothing to close nearby.
The hobgoblin hits you.
You hit the hobgoblin!
You kill the hobgoblin!
There is an open door here.
You see here a hobgoblin corpse.
You close the door, pushing everything out of the way.
You see here a hobgoblin corpse.
You start resting.
Magic restored.
You start resting.
Natasha, Servant of Life and Death comes into view.
She is carrying a wand of roots (7).
Natasha hisses angrily.
You closely miss Natasha. You grab Natasha. You constrict Natasha.
Natasha zaps a wand.
The roots erupt in riotous growth!
The grasping roots grab you!
Natasha is unaffected.
The grasping roots constrict you. Natasha claws you.
The grasping roots constrict you.
You hear an angry hiss.
You hear a shout!
You are too injured to fight recklessly!
You are too injured to fight recklessly!
Unknown command.
You hit Natasha!
Natasha is severely wounded.
You constrict Natasha, but do no damage.
Natasha barely misses you. The grasping roots constrict you.
* * * LOW HITPOINT WARNING * * *
Unknown command.
You hit Natasha.
Natasha is severely wounded.
You constrict Natasha. Natasha casts a spell at you. The magic dart hits you!
You die...

.# #.##### #.# .# #.#...#
..# .# #.#...# #.# .#
#.#.(.# #.########### .#
#.#...# #.#.........# .#
#.#...# #.#.........#
.####.#...# #.#.........#
..........###.'.........#
#.............#h@.......#
#.#############.........#
#.#...# #<# #...†.....##
#.....# #.# ####+##....#
#####.# #.# #†##....# #.#
#.# #....h..## #.# #.#
#†....r..# #.# #.#
#.........# #.# #.#
#...........


You could see Natasha.

Vanquished Creatures
  Jessica (D:2)
  Natasha (D:3)
  2 adders
  3 ball pythons
  2 bats
  4 endoplasms (D:1)
  2 goblins (D:1)
  5 hobgoblins
  2 kobolds (D:1)
  3 quokkas (D:1)
  A frilled lizard (D:1)
  5 rats
31 creatures vanquished.

Vanquished Creatures (others)
  A plant (D:3)
1 creature vanquished.

Grand Total: 32 creatures vanquished

Notes
Turn   | Place    | Note
-------+----------+-------------------------------------------
     0 | D:1      | hikkokomori the Octopode Conjurer began the quest for the
                  | Orb.
     0 | D:1      | Reached XP level 1. HP: 11/11 MP: 3/3
   272 | D:1      | Found a faded altar of an unknown god.
   345 | D:1      | Reached XP level 2. HP: 17/17 MP: 3/5
  1384 | D:1      | Reached XP level 3. HP: 21/21 MP: 4/6
  1414 | D:1      | Identified 3 scrolls of acquirement
  1414 | D:1      | Acquired a staff of conjuration
  1415 | D:1      | Acquired 1065 gold pieces
  1416 | D:1      | Acquired the ring of False Pretenses {Will+ Dex+6 Slay+6}
  1457 | D:2      | Learned a level 2 spell: Searing Ray
  1809 | D:2      | Noticed Jessica
  1812 | D:2      | Killed Jessica
  1813 | D:2      | Reached XP level 4. HP: 27/27 MP: 3/7
  2300 | D:3      | Noticed Natasha
  2322 | D:3      | Killed Natasha
  2323 | D:3      | Reached skill level 5 in Stealth
  2323 | D:3      | Reached skill level 5 in Conjurations
  2415 | D:3      | Noticed Natasha
  2420 | D:3      | Killed from afar by Natasha

Illustrated notes

Levels and vault maps discovered:
D:1:      minmay_arrival_hallway, layout_loops_corners, basic_ecumenical_altar,
          minmay_unequal
D:2:      layout_loops_ring, uniq_jessica
D:3:      layout_basic, serial_shops, nicolae_shop_advertising_works
          [nicolae_subvault_shop_adworks], minmay_shallow_snake_nest,
          uniq_natasha

Skill      XL: |  1  2  3  4 |
---------------+-------------+-----
Stealth        | 3 4 5 |  5.1
Conjurations   | 5 |  5.0
Dodging        | |  2.0
Spellcasting   | |  2.0

Action                   |  1- 3 |  4- 6 || total
-------------------------+-------+-------++-------
Melee: Dagger            |     2 |       ||     2
       Constrict         |     1 |     5 ||     6
       Staff             |       |    14 ||    14
       Tentacles         |       |     3 ||     3
 Cast: Magic Dart        |    43 |    15 ||    58
       Searing Ray       |       |     1 ||     1
  Use: Scroll            |     3 |       ||     3
Dodge: Dodged            |     7 |     7 ||    14
